AoeStats
← vince

Hill Fort

503876868Analyzed
3v3 RM · 2mo ago on Sep 2, 2026· 72m 6s· 6 players
Game mode
Random Map
Map size
Normal (6 player)
Population
200
Speed
Normal
Resources
Standard
Victory
Conquest
Starting age
Dark Age
Ending age
Imperial Age
RankedLock teamsTeams togetherTeam positionsShared explorationLock speedFull tech treeHidden civsTurbo modeCheats
Victory
Defeat
🇩🇪 Khmer · Germany
756
+7
🇨🇿 Teutons · Czechia
603
+13
🇨🇿 Britons · Czechia
582
+14
vs
🇨🇿 Dravidians · Czechia
577
-13
🇨🇿 Saracens · Czechia
571
-13
🇨🇿 Turks · Czechia
473
-9
HONZAzHOVNA
10:11 Loom
14:16 Feudal Age
15:03 Double-Bit Axe
15:10 Horse Collar
17:19 Wheelbarrow
17:40 Gold Mining
23:33 Man-at-Arms
30:32 Castle Age
28:57 Stone Mining
36:13 Bow Saw
36:07 Heavy Plow
38:18 Hand Cart
38:57 Gold Shaft Mining
39:17 Town Watch
43:10 Treadmill Crane
43:51 Ballistics
46:06 Imperial Age
43:55 Town Patrol
44:25 Padded Archer Armor
44:17 Fletching
44:28 Scale Mail Armor
47:56 Two-Man Saw
48:03 Chemistry
48:25 Conscription
48:28 Yeomen
48:09 Warwolf
49:08 Murder Holes
49:23 Siege Engineers
50:08 Caravan
50:54 Guilds
51:38 Leather Archer Armor
51:21 Bodkin Arrow
53:44 Masonry
53:23 Arrowslits
53:05 Elite Longbowman
54:04 Chain Mail Armor
59:04 Ring Archer Armor
58:36 Bracer
59:07 Plate Mail Armor
58:47 Forging
58:30 Crossbowman
58:33 Elite Skirmisher
60:03 Squires
59:27 Pikeman
59:56 Gambesons
60:07 Arson
59:48 Long Swordsman
61:06 Architecture
60:27 Guard Tower
60:51 Fortified Wall
60:37 Arbalester
61:21 Halberdier
61:25 Two-Handed Swordsman
62:36 Champion
64:12 Iron Casting
vince
2:44 Loom
13:09 Feudal Age
17:41 Castle Age
15:49 Double-Bit Axe
16:01 Horse Collar
16:34 Gold Mining
17:28 Forging
17:48 Stone Mining
19:07 Heavy Plow
19:22 Bow Saw
19:58 Fletching
22:29 Bloodlines
27:28 Iron Casting
26:59 Scale Barding Armor
30:52 Pikeman
31:38 Scale Mail Armor
34:58 Chain Mail Armor
41:21 Imperial Age
38:49 Murder Holes
39:05 Masonry
39:17 Ballistics
40:07 Wheelbarrow
40:10 Town Watch
41:47 Hand Cart
43:08 Blast Furnace
41:48 Halberdier
42:14 Arson
43:36 Husbandry
44:25 Conscription
45:23 Gold Shaft Mining
45:33 Bodkin Arrow
46:33 Crop Rotation
45:49 Light Cavalry
47:04 Architecture
47:35 Chemistry
46:45 Hussar
47:51 Chain Barding Armor
47:32 Bracer
47:37 Heavy Scorpion
55:55 Double Crossbow
55:48 Elite Ballista Elephant
58:45 Siege Engineers
63:41 Padded Archer Armor
64:17 Plate Barding Armor
65:59 Caravan
71:33 Fortified Wall
Martin
14:41 Feudal Age
16:44 Double-Bit Axe
16:42 Horse Collar
17:51 Gold Mining
21:06 Castle Age
22:45 Stone Mining
25:10 Padded Archer Armor
25:01 Fletching
26:48 Stone Shaft Mining
26:16 Heavy Plow
26:31 Bow Saw
30:11 Caravan
30:06 Town Watch
31:18 Coinage
34:00 Wheelbarrow
33:25 Town Patrol
34:49 Fortified Wall
34:29 Guard Tower
34:30 Heated Shot
35:04 Leather Archer Armor
34:44 Bodkin Arrow
36:29 Hand Cart
38:45 Imperial Age
45:44 Two-Man Saw
45:24 Keep
44:35 Arrowslits
45:50 Chemistry
45:11 Ballistics
44:57 Siege Engineers
45:02 Masonry
47:03 Banking
46:43 Guilds
47:08 Ring Archer Armor
46:39 Scale Mail Armor
46:49 Forging
46:45 Scale Barding Armor
47:01 Masonry
46:42 Loom
47:29 Crenellations
48:27 Crop Rotation
49:03 Chain Mail Armor
49:13 Bombard Tower
58:15 Ironclad
57:15 Elite Teutonic Knight
58:32 Hoardings
57:28 Sappers
58:18 Conscription
58:27 Chain Barding Armor
58:38 Plate Mail Armor
58:43 Iron Casting
59:31 Bloodlines
58:43 Cavalier
60:15 Paladin
62:04 Plate Barding Armor
62:37 Blast Furnace
Majkl
11:08 Feudal Age
11:37 Horse Collar
11:59 Double-Bit Axe
14:51 Man-at-Arms
19:12 Forging
22:27 Scale Mail Armor
24:50 Castle Age
24:51 Gold Mining
25:11 Scale Barding Armor
25:21 Bloodlines
25:33 Heavy Plow
25:46 Bow Saw
28:36 Husbandry
37:51 Gambesons
38:02 Long Swordsman
40:33 Squires
44:58 Thumb Ring
45:34 Iron Casting
45:33 Arson
51:26 Imperial Age
52:24 Two-Handed Swordsman
55:03 Heavy Camel Rider
57:49 Blast Furnace
60:55 Light Cavalry
61:11 Champion
66:36 Parthian Tactics
Obe
11:19 Feudal Age
12:27 Double-Bit Axe
13:46 Man-at-Arms
18:30 Scale Mail Armor
22:13 Horse Collar
29:45 Castle Age
37:28 Long Swordsman
50:22 Imperial Age
48:23 Bow Saw
50:37 Wheelbarrow
55:37 Squires
55:29 Gambesons
58:21 Two-Man Saw
57:42 Hand Cart
59:03 Heavy Plow
59:07 Two-Handed Swordsman
60:30 Chain Mail Armor
59:49 Pikeman
60:20 Arson
63:45 Champion
68:11 Wootz Steel
69:21 Plate Mail Armor
69:03 Forging
majklstraka
12:00 Feudal Age
13:19 Wheelbarrow
12:28 Horse Collar
12:37 Double-Bit Axe
20:36 Forging
20:27 Scale Mail Armor
21:46 Gold Mining
26:11 Castle Age
25:48 Scale Barding Armor
25:58 Stone Mining
26:52 Bloodlines
27:19 Hand Cart
36:12 Chain Barding Armor
36:10 Chain Mail Armor
36:31 Iron Casting
36:52 Gold Shaft Mining
37:55 Man-at-Arms
40:18 Long Swordsman
43:58 Caravan
44:37 Husbandry
45:24 Heavy Plow
45:42 Bow Saw
46:43 Ballistics
46:37 Fortified Wall
46:18 Heated Shot
46:42 Masonry
46:31 Murder Holes
46:20 Treadmill Crane
51:20 Sipahi
53:38 Imperial Age
61:27 Elite Janissary
66:50 Heavy Camel Rider
Connection lost

Rejoining the realm…

Still unreachable

The connection could not be restored.

Session expired

The server has moved on; the page needs a fresh start.